Map: Shrines of Lizul

Players

Lostway

  • Race: Zerg Zerg
  • League: Master
  • Spawn Location: 12:00

SecondOne

  • Race: Terran Terran
  • League: Master
  • Spawn Location: 3:00

PureLegacy - Winner!

  • Race: Terran Terran
  • Spawn Location: 9:00

LOADBLASTER - Winner!

  • Race: Terran Terran
  • League: Master
  • Spawn Location: 6:00

VOD

Have the link to the VOD?

Description

Time

  • Played on: Nov. 26, 2018, 9:09 a.m.
  • Length: 5:26
Show
View Real Time Build Order
Export as new Build Order

Lostway Zerg 

Build Orders: Hatch First 

Get SALT Encoding   

  12  0:00  Drone  
  13  0:13  Overlord  
  13  0:18  Drone  
  14  0:32  Drone x2  
  14  0:35  Drone  
  17  0:51  Drone  
  18  1:07  Drone x2  
  18  1:08  Hatchery  
  18  1:10  Extractor  
  18  1:25  Drone  
  19  1:26  Spawning Pool  
  19  1:31  Drone  
  19  1:46  Overlord  
  19  2:13  Queen  
  19  2:14  Zergling x4  
  19  2:15  Zergling x2  
  24  2:16  Spine Crawler  
  24  2:20  Queen  
  24  2:21  Drone  
  26  2:26  Metabolic Boost  
  26  2:28  Drone  
  27  2:32  Zergling x2  
  28  2:37  Zergling x2  
  28  3:02  Drone x4  
  28  3:04  Zergling x2  
  31  3:12  Zergling x2  
  32  3:14  Spine Crawler  
  32  3:15  Zergling x2  
  32  3:20  Zergling x2  
  32  3:25  Zergling x2  
  34  3:30  Zergling x2  
  34  3:33  Lair  
  35  3:44  Zergling x2  
  36  3:48  Overlord  
  36  3:49  Overlord  
  36  3:52  Overlord  
  36  3:53  Overlord  
  36  3:58  Overlord  
  36  4:08  Zergling x4  
  36  4:17  Zergling x8  
  36  4:18  Zergling x2  
  36  4:19  Zergling x2  
  42  4:30  Zergling x8  
  39  4:32  Zergling x2  
  40  4:46  Drone, Spire  
  39  4:54  Drone x3  
  42  5:02  Drone  
  42  5:04  Drone  
Show
View Real Time Build Order
Export as new Build Order

SecondOne Terran 

Build Orders: Cyclone Opening 

Get SALT Encoding   

  12  0:01  SCV  
  13  0:13  SCV  
  14  0:18  Supply Depot  
  14  0:25  SCV  
  15  0:30  Refinery  
  15  0:39  SCV  
  16  0:46  Barracks  
  16  0:52  SCV  
  16  0:56  Refinery  
  17  1:04  SCV  
  18  1:20  SCV  
  19  1:33  Reaper  
  19  1:36  Factory  
  19  1:39  Orbital Command  
  20  1:48  Supply Depot  
  20  2:05  Reaper, SCV  
  22  2:19  Factory Tech Lab  
  22  2:23  SCV  
  22  2:24  Supply Depot  
  23  2:35  SCV  
  23  2:37  Marine  
  22  2:47  Cyclone  
  25  2:52  SCV  
  27  2:59  Reaper  
  27  3:07  Starport  
  30  3:20  Cyclone, SCV  
  31  3:32  Supply Depot, SCV  
  32  3:44  Starport Tech Lab  
  33  3:48  SCV  
  33  3:49  Reaper  
  33  3:50  Supply Depot  
  34  3:57  Cyclone  
  37  4:07  SCV  
  38  4:30  Cyclone  
  38  4:31  Banshee  
  36  4:42  Reaper  
  31  4:47  Command Center  
  29  4:53  SCV  
Show
View Real Time Build Order
Export as new Build Order

PureLegacy Terran - Winner!

Build Orders:  

Get SALT Encoding   

  12  0:00  SCV  
  13  0:13  SCV  
  14  0:18  Supply Depot  
  14  0:25  SCV  
  15  0:32  Refinery  
  15  0:39  SCV  
  16  0:45  Barracks  
  16  0:51  SCV  
  17  1:05  Barracks  
  17  1:18  Barracks  
  17  1:29  SCV  
  18  1:37  Reaper  
  19  1:42  Orbital Command  
  19  1:51  Refinery  
  19  1:54  Reaper  
  20  2:03  Supply Depot  
  20  2:07  Reaper  
  21  2:13  Reaper  
  22  2:18  SCV  
  23  2:27  Reaper  
  24  2:39  Reaper  
  25  2:45  Supply Depot, Reaper  
  25  2:46  SCV  
  27  2:59  Reaper  
  27  3:04  SCV  
  29  3:11  Reaper  
  30  3:16  SCV  
  31  3:21  Command Center  
  31  3:25  Reaper  
  31  3:28  SCV  
  31  3:32  Reaper  
  33  3:35  Supply Depot  
  32  3:43  Reaper  
  32  3:44  SCV  
  34  3:59  Barracks  
  34  4:00  Barracks, Reaper  
  35  4:07  Reaper  
  35  4:08  SCV  
  37  4:16  Engineering Bay  
  35  4:31  Reaper  
  35  4:32  SCV  
  35  4:36  Reaper, Orbital Command  
  38  4:41  Reaper  
  38  4:54  Missile Turret  
  38  4:55  Missile Turret  
  43  5:23  Refinery x2  
Show
View Real Time Build Order
Export as new Build Order

LOADBLASTER Terran - Winner!

Build Orders: Cyclone Opening 

Get SALT Encoding   

  12  0:01  SCV  
  13  0:13  SCV  
  14  0:18  Supply Depot  
  14  0:25  SCV  
  15  0:29  Refinery  
  15  0:40  SCV  
  16  0:46  Barracks  
  16  0:52  SCV  
  17  0:57  Refinery  
  17  1:04  SCV  
  18  1:16  SCV  
  19  1:33  Reaper, Orbital Command  
  19  1:39  Factory  
  20  1:48  Supply Depot  
  20  1:59  SCV  
  21  2:05  Barracks Tech Lab  
  21  2:11  SCV  
  22  2:24  SCV  
  23  2:33  Cyclone  
  23  2:35  Mag-Field Accelerator  
  26  2:42  Command Center  
  26  2:45  SCV  
  27  2:55  Factory  
  27  2:59  Supply Depot  
  30  3:13  SCV  
  30  3:19  Barracks Reactor  
  28  3:21  Cyclone  
  28  3:25  SCV  
  32  3:37  SCV  
  32  3:49  SCV  
  32  3:51  Refinery  
  32  3:53  Cyclone  
  36  3:55  Orbital Command  
  36  4:01  SCV  
  37  4:03  Hellion  
  37  4:04  Hellion  
  41  4:14  SCV  
  42  4:22  SCV  
  43  4:26  SCV  
  42  4:36  Hellion  
  44  4:39  Hellion  
  44  4:43  Supply Depot  
  44  4:45  Supply Depot  
  46  4:53  Barracks Tech Lab  
  46  4:56  Factory  
  46  5:05  SCV x2  
  53  5:24  Supply Depot  
Tags
 
Add a new tag
Caveats
  • Supply blocks, unpowered buildings, or Contaminate may cause inaccurate times.
  • Supply counts are checked every 10 seconds.